 Dungeon Crawl Stone Soup version 0.28.0-53-g5a82cb258f (webtiles) character file.

Game seed: 5199755851744570207

1773 Peloso the Carver (level 8, -9/70 HPs)
             Began as a Minotaur Fighter on June 8, 2022.
             Was an Initiate of Okawaru.
             Mangled by an acid dragon (10 damage)
             ... on level 6 of the Dungeon.
             The game lasted 00:12:32 (6186 turns).

Peloso the Carver (Minotaur Fighter)                Turns: 6186, Time: 00:12:34

Health: -9/70      AC:  5    Str: 27    XL:     8   Next: 80%
Magic:  16/16      EV:  9    Int:  5    God:    Okawaru [......]
Gold:   279        SH:  5    Dex: 12    Spells: 7/7 levels left

rFire   + . .      SeeInvis +   a - +0 long sword
rCold   + . .      Faith    .   c - +0 buckler
rNeg    . . .      Spirit   .   j - +1 chain mail of the Trout {rF- MP+9 SInv}
rPois   .          Reflect  .   (helmet restricted)
rElec   .          Harm     .   A - scarf {rC+ rF+}
rCorr   .          Rampage  .   o - +0 pair of gloves
Will    .....                   (no boots)
Stlth   ..........              (no amulet)
HPRegen 0.21/turn               g - ring of protection from fire
MPRegen 0.15/turn               y - +6 ring of strength

@: corroded
A: horns 2, retaliatory headbutt
a: Renounce Religion


You were on level 6 of the Dungeon.
You worshipped Okawaru.
Okawaru was noncommittal.
You visited 2 branches of the dungeon, and saw 7 of its levels.

You collected 279 gold pieces.

Inventory:

Hand Weapons
 a - a +0 long sword (weapon)
 w - a +0 vorpal hand crossbow
Missiles
 x - 4 bolts
Armour
 b - a +0 chain mail
 c - a +0 buckler (worn)
 j - the +1 chain mail of the Trout (worn) {rF- MP+9 SInv}
   (You found it on level 2 of the Dungeon)

   rF:        It makes you vulnerable to fire.
   MP:        It affects your magic capacity (+9).
   SInv:      It lets you see invisible.
 o - a +0 pair of gloves (worn)
 A - a scarf of resistance (worn)
Jewellery
 g - a ring of protection from fire (left hand)
 y - a +6 ring of strength (right hand)
Wands
 n - a wand of acid (12)
 s - a wand of iceblast (5)
 v - a wand of polymorph (7)
Scrolls
 l - 3 scrolls of silence {unknown}
 p - 2 scrolls of blinking {unknown}
 q - a scroll of fear {unknown}
 t - a scroll of magic mapping {unknown}
 u - 2 scrolls of torment {unknown}
 z - a scroll of enchant weapon {unknown}
 B - a scroll of identify
Potions
 d - 2 potions of might
 e - 6 potions of curing
 f - a potion of invisibility
 h - 4 potions of attraction {unknown}
 i - a potion of flight {unknown}
 k - a potion of brilliance
 m - 3 potions of haste {unknown}
 r - a potion of magic {unknown}


   Skills:
 + Level 6.0 Fighting
 + Level 8.5 Long Blades
 + Level 3.1 Crossbows
 + Level 8.4 Armour
 + Level 2.0 Dodging
 + Level 0.3 Stealth
 + Level 5.3 Shields


You had 7 spell levels left.
You didn't know any spells.
Your spell library contained the following spells:

 Spells                   Type           Power      Damage    Failure   Level
 Freeze                   Ice            0%         1d3       97%         1
 Magic Dart               Conj           0%         1d3       97%         1
 Sublimation of Blood     Necr           0%         N/A       99%         2
 Wereblood                Tmut           0%         N/A       99%         2
 Conjure Flame            Conj/Fire      0%         6-21      100%        3
 Frozen Ramparts          Ice            0%         1d2       100%        3
 Hailstorm                Conj/Ice       0%         3d3       100%        4
 Lehudib's Crystal Spear  Conj/Erth      0%         10d2      100%        8
 Spellforged Servitor     Conj/Summ      Unusable   N/A       N/A         7
 Summon Hydra             Summ           Unusable   N/A       N/A         7

Dungeon Overview and Level Annotations

Branches:
Dungeon (6/15)             Temple (1/1) D:6

Altars:
Ashenzari
Okawaru
Yredelemnul
The Shining One

Annotations:
D:4 1 runed translucent door, krakonos's ghost, amateur TeCj


Innate Abilities, Weirdness & Mutations

You have a pair of horns on your head.
You reflexively headbutt those who attack you in melee.


Message History

The wraith barely misses you.
You barely miss the wraith. Your headbutt misses the wraith.
The wraith is almost destroyed.
The wraith closely misses you. You furiously retaliate!
You headbutt the wraith!
You destroy the wraith!
Okawaru is honoured by your kill.
Your Fighting skill increases to level 6!
Your Crossbows skill increases to level 3!
You feel yourself speed up.
HP restored.
An acid dragon comes into view.
The acid dragon roars!
The acid dragon spits acid at you. The splash of acid hits you!!
You block the acid dragon's attack. The acid dragon closely misses you.
You hit the acid dragon but do no damage.
The acid dragon bites you but does no damage.
You block the acid dragon's attack.
You slash the acid dragon!
The acid dragon is heavily wounded.
You barely miss the acid dragon. Your headbutt misses the acid dragon.
The acid dragon is heavily wounded.
The acid dragon spits acid at you. The splash of acid hits you!!
The acid corrodes you!
You barely miss the acid dragon.
The acid dragon is heavily wounded.
The acid dragon bites you. The acid dragon closely misses you.
You hit the acid dragon but do no damage.
You headbutt the acid dragon!
The acid dragon is almost dead.
The acid dragon spits acid at you. You block the splash of acid.
You hit the acid dragon but do no damage.
The acid dragon is almost dead.
The acid dragon spits acid at you. The splash of acid hits you!!
* * * LOW HITPOINT WARNING * * *
The acid corrodes you! The acid dragon bites you!
You die...

#...........#.# #.##.
#...........#.#####.##.
#.................#.#..
#....########.....#.#.#
#....### ###.#.#.#..
######....#.. ####.#.#.###
#.........#.# #............
#)#######.#D# ......#.#...#
#.#########@##.............#
#.#..............########..#
#.#.##########.#.# #.##
#.#.# .. #.# #.#.# ## #.#
#.#.# #.# #.#.# #.## ##.#.#
#... #....# ####


You could see an acid dragon.

Vanquished Creatures
  Grinder (D:5)
  Sigmund (D:2)
  A wraith (D:6)
  Duvessa (D:6)
  2 ice beasts (D:5)
  2 necrophages
  Blork the orc (D:5)
  A kobold brigand (D:5)
  A bullfrog (D:6)
  Dowan (D:6)
  4 hounds
  A jelly (D:4)
  An orc priest (D:4)
  A bullfrog skeleton (D:5)
  2 iguanas
  3 orc wizards
  A hound skeleton (D:4)
  Robin (D:2)
  3 gnolls (D:5)
  6 adders
  A white imp (D:6)
  A worm (D:2)
  A dart slug (D:1)
  13 orcs
  8 ball pythons
  9 bats
  10 endoplasms
  5 giant cockroaches
  10 hobgoblins
  4 jackals (D:1)
  14 kobolds
  4 quokkas
  4 frilled lizards
  15 goblins
  11 rats
145 creatures vanquished.

Notes
Turn   | Place    | Note
-------+----------+-------------------------------------------
     0 | D:1      | Peloso the Minotaur Fighter began the quest for the Orb.
     0 | D:1      | Reached XP level 1. HP: 19/19 MP: 0/0
   254 | D:1      | Reached XP level 2. HP: 16/27 MP: 1/1
   369 | D:1      | Got the Volume of Attacks
   472 | D:1      | Found a faded altar of an unknown god.
  1141 | D:2      | Reached XP level 3. HP: 33/33 MP: 2/2
  1317 | D:2      | Noticed Sigmund
  1342 | D:2      | Killed Sigmund
  1343 | D:2      | Reached skill level 1 in Dodging
  1343 | D:2      | Reached XP level 4. HP: 18/41 MP: 3/3
  1343 | D:2      | Reached XP level 5. HP: 21/47 MP: 4/4
  1613 | D:2      | Noticed Robin
  1643 | D:2      | Killed Robin
  1649 | D:2      | Reached skill level 5 in Armour
  1942 | D:2      | Identified the +1 chain mail of the Trout {rF- MP+9 SInv}
  2249 | D:2      | Reached XP level 6. HP: 53/53 MP: 5/5
  3290 | D:4      | Found a runed translucent door.
  3295 | D:4      | Noticed krakonos's ghost (amateur TeCj)
  3328 | D:4      | Reached skill level 5 in Long Blades
  4114 | D:4      | Reached XP level 7. HP: 60/60 MP: 6/6
  4213 | D:5      | Entered Level 5 of the Dungeon
  4276 | D:5      | Noticed Blork the orc
  4289 | D:5      | Killed Blork the orc
  4290 | D:5      | Reached skill level 5 in Fighting
  4544 | D:5      | Reached skill level 5 in Shields
  4730 | D:5      | Reached XP level 8. HP: 68/69 MP: 7/7
  4872 | D:5      | Noticed Grinder
  4880 | D:5      | Killed Grinder
  5439 | D:6      | Found a glowing golden altar of the Shining One.
  5460 | D:6      | Noticed Duvessa
  5460 | D:6      | Noticed Dowan
  5468 | D:6      | Found a staircase to the Ecumenical Temple.
  5575 | D:6      | Killed Duvessa
  5576 | D:6      | Reached skill level 1 in Crossbows
  5691 | D:6      | Killed Dowan
  5782 | Temple   | Entered the Ecumenical Temple
  5807 | Temple   | Became a worshipper of Warmaster Okawaru
  6186 | D:6      | HP: 1/70 [acid dragon/splash of acid (22)]
  6186 | D:6      | Mangled by an acid dragon

Illustrated notes

Levels and vault maps discovered:
D:1:      heliophobic_arrival_battle_scene, layout_basic,
          shapermc_ecumenical_altar_totnotflames, minmay_liquid_box,
          minivault_11, minmay_misc_feat_roman
D:2:      minmay_razor_zed, layout_basic, uniq_robin, uniq_sigmund
D:3:      layout_loops_ring, saegor_snake_ambush
D:4:      layout_gridville, ebering_ghost_sewer_d
D:5:      layout_cave_pods, uniq_grinder, uniq_blork_the_orc
D:6:      layout_basic, tso_metal_star, minmay_temple_entry_tees, uniq_duvessa
Temple:   mainiacjoe_temple_circle_huts

Skill      XL: |  1  2  3  4  5  6  7  8 |
---------------+-------------------------+-----
Fighting       | 4 5 6 |  6.0
Shields        | 4 5 |  5.3
Armour         | 4 5 6 7 8 |  8.4
Long Blades    | 4 5 7 8 |  8.5
Dodging        | 1 2 |  2.0
Crossbows      | 3 |  3.1
Stealth        | |  0.3

Action                   |  1- 3 |  4- 6 |  7- 9 || total
-------------------------+-------+-------+-------++-------
Melee: Long sword        |    76 |   184 |   128 ||   388
       Headbutt          |     7 |    30 |    33 ||    70
 Fire: Hand crossbow     |       |       |    23 ||    23
  Use: Scroll            |       |       |     4 ||     4
Armor: Scale mail        |    33 |    10 |       ||    43
       Chain mail        |       |    73 |    65 ||   138
Dodge: Dodged            |    39 |    62 |    55 ||   156
Block: Buckler           |    19 |    31 |    27 ||    77
